 Dungeon Crawl Stone Soup version 0.16-a0-3178-g2c88c44 (webtiles) character file.

55 mcbry the Sneak (level 3, -3/18 HPs)
             Began as a Vine Stalker Assassin on Dec 17, 2014.
             Slain by a gnoll
             ... wielding a +0 spear
              (7 damage)
             ... on level 2 of the Dungeon.
             The game lasted 00:17:20 (1340 turns).

mcbry the Sneak (Vine Stalker Assassin)             Turns: 1340, Time: 00:17:20

Health: -3/18      AC:  9    Str: 13    XL:     3   Next: 93%
Magic:  0/4        EV: 12    Int: 16    God:
Gold:   85         SH:  0    Dex: 16    Spells: 0 memorised, 2 levels left

rFire  . . .     SeeInvis .     a - +2 dagger
rCold  . . .     Clarity  .     c - +0 robe
rNeg   . . .     SustAb   .     (no shield)
rPois  .         Gourm    .     (no helmet)
rElec  .         Spirit   +     d - +0 cloak
rCorr  .         Warding  .     (no gloves)
rMut   .         Stasis   .     (no boots)
MR     .....                    (no amulet)
Stlth  +++.......               (no ring)
                                n - +6 ring of protection

@: brilliant, not resistant to hostile enchantments, fairly stealthy
A: fangs 2, regeneration 1, magic shield, antimagic bite, no device heal 3, rot
immunity
a: no special abilities


You were on level 2 of the Dungeon.
You were not hungry.

You visited 1 branch of the dungeon, and saw 2 of its levels.

You collected 85 gold pieces.

Inventory:

Hand weapons
 a - a +2 dagger (weapon)
 b - a +0 blowgun
 k - a +0 dagger
Missiles
 e - 3 poisoned needles
 f - 2 curare-tipped needles
Armour
 c - a +0 robe (worn)
 d - a +0 cloak (worn)
Jewellery
 n - a +6 ring of protection (left hand)
Scrolls
 i - a scroll of teleportation {unknown}
 l - 3 scrolls of identify {unknown}
 m - a scroll of immolation {unknown}
 p - a scroll of blinking {unknown}
 q - a scroll of noise {unknown}
 r - a scroll of random uselessness {unknown}
 t - a scroll of enchant armour {unknown}
 u - a scroll of enchant weapon {unknown}
Potions
 j - a potion of heal wounds {unknown}
 o - a potion of restore abilities {unknown}
Comestibles
 g - a bread ration
 s - a beef jerky


   Skills:
 + Level 1.9 Fighting
 + Level 1.8 Short Blades
 + Level 2.3 Throwing
 + Level 1.2 Dodging
 + Level 6.0 Stealth


You had 2 spell levels left.
You didn't know any spells.

Dungeon Overview and Level Annotations

Branches:
Dungeon (2/15)

Altars:


Innate Abilities, Weirdness & Mutations

You have extremely sharp teeth.
Your natural rate of healing is unusually fast.
When hurt, damage is shared between your health and your magic reserves.
Your bite disrupts and absorbs the magic of your enemies.
Potions and wands cannot restore your health.
You are immune to rotting.


Message History

You kill the gnoll!
Your Stealth skill increases to level 6!
The gnoll hits you from afar with a spear.
* * * LOW HITPOINT WARNING * * *
The gnoll closely misses you.
Drink which item? (? for menu, Esc to quit)
It was a potion of brilliance.
You feel clever all of a sudden. The gnoll barely misses you. x2
Firing (i - inventory): No suitable missiles.
Press: ? - help, Shift-Dir - straight line, f - gnoll
Aim: a gnoll
Okay, then.
You barely miss the gnoll. The gnoll closely misses you.
The gnoll hits you from afar with a spear.
* * * LOW HITPOINT WARNING * * *
There is a stone staircase leading up here.
The gnoll barely misses you.
The gnoll hits you from afar with a spear!
You die...

###########
#.........#
...#.........#
...#.........#####
g..........)..gg@#
..#.......††#####
####.......(.#
...>.........#
..#..........#
..#.....######
....).)....#
......)....#
...........#


You could see 2 gnolls.

Vanquished Creatures
  2 gnolls (D:2)
  An adder (D:2)
  A giant gecko (D:1)
  4 bats (D:1)
  A giant cockroach (D:1)
  6 hobgoblins
  3 kobolds
  5 goblins
  3 rats
26 creatures vanquished.

Notes
Turn   | Place    | Note
--------------------------------------------------------------
     0 | D:1      | mcbry, the Vine Stalker Assassin, began the quest for the Orb.
     0 | D:1      | Reached XP level 1. HP: 11/11 MP: 1/1
    42 | D:1      | Reached skill level 5 in Stealth
    88 | D:1      | Reached XP level 2. HP: 8/15 MP: 3/3
   312 | D:1      | Reached skill level 1 in Dodging
  1033 | D:1      | Reached XP level 3. HP: 10/18 MP: 1/4
  1332 | D:2      | Reached skill level 6 in Stealth
  1340 | D:2      | Slain by a gnoll

Action                   || total
-------------------------++-------
Melee: Dagger            ||    37
 Fire: Blowgun           ||    24
  Use: Potion            ||     1
 Stab: Sleeping          ||    11
  Eat: Bread ration      ||     1
